[Event "*** Titled Tuesday Blitz"]
[Site "Chess.com"]
[Date "2019.08.06"]
[Round "6"]
[White "djano"]
[Black "edgarrodrigues"]
[Result "1-0"]
[WhiteElo "2341"]
[BlackElo "2400"]
[TimeControl "180+2"]
[EndTime "14:22:45 PDT"]
[Termination "djano won by resignation"]

1. e4 e6 2. d4 d5 3. Bd3 Nf6 4. e5 Nfd7 5. Ne2 c5 6. c3 Nc6 7. Nf4 cxd4 8. Nxe6 fxe6 9. Qh5+ Ke7 10. Bg5+ Nf6 11.
exf6+ gxf6 12. Bh4 Qa5 13. O-O dxc3 14. Nxc3 d4 15. Qf3 Bg7 16. Nb5 a6 17. Qg3 Kf7 18. Nd6+ Kf8 19. Nxc8 Rxc8 20. Qd6+ Kf7 21. Rfe1 Qd5 22.
Qg3 Ne5 23. Be4 Qb5 24. a4 Qb4 25. f4 Ng6 26. f5 exf5 27. Bxf5 Rce8 28. Qc7+ Ne7 29.
Bd7 Ra8 30. Bg3 d3 31. Bd6 Qd4+ 32. Kh1 Nd5 33. Be6+ Kg6 34. Qf7+ Kh6 35. Bxd5 Rhd8 36. Re4 1-0

[Event "*** Titled Tuesday Blitz"]
[Site "Chess.com"]
[Date "2019.08.06"]
[Round "6"]
[White "Padenie_Zvezd"]
[Black "VladimirBelous"]
[Result "0-1"]
[WhiteElo "2808"]
[BlackElo "2824"]
[TimeControl "180+2"]
[EndTime "14:22:50 PDT"]
[Termination "VladimirBelous won by resignation"]

1. d4 Nf6 2. c4 g6 3. Nc3 Bg7 4. e4 O-O 5. Nf3 d6 6. Be2 Na6 7. O-O e5 8. dxe5 dxe5 9. Be3 c6 10. h3 Qe7 11. Qa4 Re8 12. Rfd1 Nc5 13. Qa3 Bf8 14. Nd2 Ne6 15. Qxe7 Bxe7 16. Nf3 Bc5 17.
Bh6 Nd4 18. Kf1 Be6 19. Na4 Bd6 20. Nxd4 exd4 21. c5 Bc7 22. Rxd4 Be5 23. Rb4 a5 24. Rxb7 Nxe4 25. Be3 Rab8 26. Rb6 Bd5 27. Rd1 Rbd8 28. b3 f5 29. Ra6 Bc7 30. Ra7 Bb8 31. Rxa5 Ng3+ 32. fxg3 Rxe3 33. Bf3 Bxg3 34. Bxd5+ cxd5 35. Kg1 d4 36. Rf1 d3 37. Nb2 d2 38. c6 Re1 39. Rc5 d1=Q 40. Nxd1 Rdxd1 0-1

[Event "*** Titled Tuesday Blitz"]
[Site "Chess.com"]
[Date "2019.08.06"]
[Round "6"]
[White "nOcHeaTiNgKiD"]
[Black "enriquetejedor"]
[Result "0-1"]
[WhiteElo "2448"]
[BlackElo "2568"]
[TimeControl "180+2"]
[EndTime "14:22:54 PDT"]
[Termination "enriquetejedor won on time"]

1. Nf3 d5 2. d4 Nf6 3. c4 c6 4. Nc3 dxc4 5. e4 b5 6. Be2 b4 7.
Na4 Nxe4 8. Bxc4 Nd6 9. Bd3 Bg4 10. h3 Bh5 11. Bg5 h6 12. Bh4 g5 13. g4 gxh4 14. gxh5 Nd7 15. Rg1 Qa5 16. b3 Qxh5 17. Rc1 Rc8 18.
Rg4 Qd5 19. Qe2 e6 20. Nc5 h5 21. Rg5 f5 22. Nxe6 Ne4 23. Bc4 Qa5 24. Rg6 Bh6 25. Rxh6 Rxh6 26. Qe3 Rg6 27. Nf4 Rg7 28. Nxh5 Re7 29.
Qh6 Kd8 30. Kf1 Qxa2 31. Be2 Ng3+ 32. Nxg3 hxg3 33. Re1 g2+ 34. Kxg2 Rxe2 35. Qh8+ Kc7 36. Rf1 Rxh8 0-1

[Event "*** Titled Tuesday Blitz"]
[Site "Chess.com"]
[Date "2019.08.06"]
[Round "6"]
[White "ChrisTool2"]
[Black "HanSchut"]
[Result "1-0"]
[WhiteElo "2282"]
[BlackElo "2203"]
[TimeControl "180+2"]
[EndTime "14:22:54 PDT"]
[Termination "ChrisTool2 won on time"]

1. d4 Nf6 2. c4 g6 3. f3 d5 4. cxd5 Nxd5 5. e4 Nb6 6. Nc3 Bg7 7. Be3 O-O 8. Qd2 e5 9. d5 c6 10. O-O-O cxd5 11. Nxd5 Be6 12. h4 N8d7 13. h5 Rc8+ 14. Kb1 Nxd5 15. exd5 Bf5+ 16. Bd3 Qf6 17. Be4 Nc5 18.
Bxc5 Rxc5 19. Ne2 Rc4 20. Nc3 b5 21. g4 Bxe4+ 22. fxe4 b4 23. Na4 Rxe4 24. d6 Rd4 25.
Qc2 Qxd6 26. Rdf1 Rd2 27. Qc4 Qd7 28. hxg6 hxg6 29. Nc5 Qd4 30. Qxd4 Rxd4 31. g5 e4 32. Rh4 Rd2 33. Na4 e3 34. Re4 Bd4 35. Re7 Rf2 36.
Re1 Rc8 37. Re4 1-0

[Event "*** Titled Tuesday Blitz"]
[Site "Chess.com"]
[Date "2019.08.06"]
[Round "6"]
[White "Adham_Fawzy"]
[Black "Heineccius"]
[Result "0-1"]
[WhiteElo "2712"]
[BlackElo "2560"]
[TimeControl "180+2"]
[EndTime "14:22:55 PDT"]
[Termination "Heineccius won by resignation"]

1. e4 c5 2. Nf3 e6 3. g3 d5 4.
exd5 Qxd5 5. Bg2 Nc6 6. O-O Qd7 7. b3 Be7 8. Bb2 Bf6 9. Nc3 Nge7 10. Rb1 b6 11. Qe2 Bb7 12. Rfd1 O-O 13. Ne4 Bxb2 14.
Rxb2 Nf5 15. c3 Rfd8 16. d3 a5 17. a4 Ba6 18. Rbd2 Qc7 19. h4 Rd7 20. Neg5 Re7 21.
Ne5 Bb7 22. Nexf7 Rxf7 23. Qxe6 Nd8 24. Qe8+ Rf8 25. Re1 Bxg2 26. Kxg2 h6 27. Qe4 Qc6 28. Qxc6 Nxc6 29. Ne6 Rfe8 30. Rde2 Rac8 31. h5 Kf7 32. g4 Nd6 33. f4 Nd8 34. f5 Nxe6 35.
Rxe6 Rxe6 36. Rxe6 Rd8 37. Kf2 Nc8 38. Rc6 Ke7 39.
Ke3 Re8 40. Kd2 Kd7 41. Rg6 Re7 42. f6 gxf6 43. Rxh6 Rg7 44. Rxf6 Rxg4 45. h6 Rh4 46. Rg6 Ne7 47. Rxb6 Rh2+ 48. Ke3 Nd5+ 0-1

[Event "*** Titled Tuesday Blitz"]
[Site "Chess.com"]
[Date "2019.08.06"]
[Round "6"]
[White "guillembaches"]
[Black "Ceejay271"]
[Result "1-0"]
[WhiteElo "2315"]
[BlackElo "2239"]
[TimeControl "180+2"]
[EndTime "14:22:56 PDT"]
[Termination "guillembaches won by resignation"]

1. e4 c5 2. Nf3 d6 3. d4 cxd4 4.
Qxd4 Nc6 5. Qe3 g6 6. h3 Bg7 7.
Be2 Nf6 8. c4 O-O 9. O-O b6 10.
Nc3 Bb7 11. Rd1 Nd7 12. b3 Nc5 13. Bb2 e5 14. Nb5 Qe7 15. Nxd6 Ne6 16. Nxb7 Qxb7 17. Rd5 Ncd4 18. Nxd4 Nxd4 19. Bd3 Rad8 20. Re1 Rfe8 21.
h4 h5 22. g3 Qe7 23. Kg2 Kh7 24. Rd1 Bh6 25. Qe1 Bg7 26. Qe3 Bh6 27. f4 f6 28.
Bxd4 Rxd5 29. cxd5 exd4 30. Qxd4 Qa3 31. Rd2 Bg7 32. d6 Rd8 33. e5 fxe5 34. fxe5 Qc5 35. Qxc5 bxc5 36. Re2 Kh6 37. Bb5 Bf8 38. Kf3 g5 39.
Ke4 Bxd6 40. exd6 Rxd6 41. hxg5+ Kxg5 42. Re3 h4 43. gxh4+ Kxh4 44. Rc3 Rd4+ 45. Ke5 Rd2 46. a4 Rb2 47. Kd5 1-0

[Event "*** Titled Tuesday Blitz"]
[Site "Chess.com"]
[Date "2019.08.06"]
[Round "6"]
[White "minnesotachessmaster"]
[Black "PotapovaM"]
[Result "0-1"]
[WhiteElo "1920"]
[BlackElo "2466"]
[TimeControl "180+2"]
[EndTime "14:22:56 PDT"]
[Termination "PotapovaM won by resignation"]

1. d4 Nf6 2. Bg5 d5 3. Nd2 Nbd7 4. Ngf3 g6 5. e3 Bg7 6. Bd3 O-O 7. O-O c5 8. c3 b6 9. Qe2 Bb7 10. a4 Ne4 11.
Bh4 a6 12. Ne1 g5 13. Bxe4 gxh4 14. Bc2 e5 15. Qh5 e4 16. f3 f5 17. Bb3 c4 18.
Nxc4 dxc4 19. Bxc4+ Kh8 20. fxe4 Bxe4 21. Nf3 Nf6 22.
Qxh4 Qc7 23. Bb3 Qb7 24. Ne5 Nd5 25. Ng6+ Kg8 26. Nxf8 Rxf8 27. c4 Nb4 28. Rf2 Nd3 29.
Rd2 Kh8 30. Rad1 Nb4 31. d5 Bf6 32. Qh3 Qg7 33. Rf1 Rg8 34. g3 Nd3 35. Rfd1 Nc5 36. d6 Nxb3 37. d7 Nxd2 0-1

[Event "*** Titled Tuesday Blitz"]
[Site "Chess.com"]
[Date "2019.08.06"]
[Round "6"]
[White "ChadBiryani"]
[Black "Pakarma"]
[Result "1/2-1/2"]
[WhiteElo "2380"]
[BlackElo "2397"]
[TimeControl "180+2"]
[EndTime "14:22:57 PDT"]
[Termination "Game drawn by repetition"]

1. e4 c5 2. d4 cxd4 3. c3 d3 4. Nf3 Nc6 5. c4 Nf6 6. Bxd3 d6 7. Nc3 e5 8. h3 Be7 9. Be3 O-O 10. O-O Be6 11. Nd5 Ne8 12. a3 Rc8 13. Rc1 g6 14. b4 f5 15. Nxe7+ Qxe7 16. Bg5 Qf7 17. c5 d5 18. exd5 Bxd5 19. Be2 e4 20. Nd4 Nxd4 21. Qxd4 Nc7 22. Bh6 Rfd8 23. Rfd1 Ne6 24. Qe5 Bb3 25. Rxd8+ Rxd8 26. b5 Nd4 27. Bf1 Be6 28. Rc4 Nxb5 29. c6 Nd6 30. c7 Rc8 31. Qxd6 Bxc4 32. Bxc4 Qxc4 33. Qd7 Qxc7 34. Qe6+ Kh8 35. Qf6+ Kg8 36. Qe6+ Kh8 37. Qf6+ Kg8 38. Qe6+ 1/2-1/2

[Event "*** Titled Tuesday Blitz"]
[Site "Chess.com"]
[Date "2019.08.06"]
[Round "6"]
[White "Bigfish1995"]
[Black "mishanick"]
[Result "0-1"]
[WhiteElo "3047"]
[BlackElo "3002"]
[TimeControl "180+2"]
[EndTime "14:22:59 PDT"]
[Termination "mishanick won by resignation"]

1. d4 Nf6 2. c4 e6 3. Nf3 d5 4. g3 Bb4+ 5. Bd2 Be7 6. Bg2 c6 7. Qb3 O-O 8. O-O a5 9. Bf4 a4 10. Qc2 Nbd7 11. Nbd2 Nh5 12. Be3 f5 13. Rfe1 a3 14. Rab1 axb2 15. Rxb2 f4 16. gxf4 Nxf4 17.
Bxf4 Rxf4 18. e3 Rf8 19. Reb1 Bd6 20. e4 Bf4 21. cxd5 exd5 22. Qb3 Nf6 23. Ne5 Bxd2 24.
Rxd2 Nxe4 25. Bxe4 Qg5+ 26. Bg2 Qxd2 27. Bxd5+ Kh8 28.
Nf7+ Rxf7 29. Bxf7 Qxd4 30. Re1 Bf5 31. Bh5 Qd2 32. Re3 Qd7 33. Re5 Rf8 34. Qb4 Qd8 35.
Qxb7 Qg5+ 36. Kh1 Qxh5 37. Qe7 Qd1+ 38. Kg2 Be4+ 39. Kh3 Qf3+ 0-1

[Event "*** Titled Tuesday Blitz"]
[Site "Chess.com"]
[Date "2019.08.06"]
[Round "6"]
[White "vladimirdamjanovic"]
[Black "marcodobrikov"]
[Result "1-0"]
[WhiteElo "2633"]
[BlackElo "2442"]
[TimeControl "180+2"]
[EndTime "14:23:00 PDT"]
[Termination "vladimirdamjanovic won by checkmate"]

1. e4 c5 2. Nf3 d6 3. d4 cxd4 4. Nxd4 Nf6 5. Nc3 a6 6. Qf3 e6 7. g4 Nc6 8. Nxc6 bxc6 9. g5 Nd7 10. h4 Be7 11. b3 e5 12. Bb2 Nc5 13. Bh3 Bxh3 14. Qxh3 Ne6 15. Ne2 O-O 16. O-O-O a5 17. a4 Qb6 18. Rhf1 Rab8 19. f4 exf4 20. Nxf4 Nc5 21. Qc3 f6 22. g6 h6 23. Qc4+ Kh8 24. Bd4 Qb4 25. Qxb4 Rxb4 26. Bxc5 dxc5 27. Rfe1 c4 28. Rd7 Re8 29. Ne6 Bf8 30. Rf7 Kg8 31. Rd1 cxb3 32. Rdd7 Rxe4 33. Nxf8 b2+ 34. Kxb2 Rb8+ 35.
Kc3 Rbb4 36. Rxg7+ Kxf8 37. Rdf7+ Ke8 38. Rg8# 1-0

[Event "*** Titled Tuesday Blitz"]
[Site "Chess.com"]
[Date "2019.08.06"]
[Round "6"]
[White "ChainsOfFantasia"]
[Black "rst2003"]
[Result "1/2-1/2"]
[WhiteElo "2488"]
[BlackElo "2296"]
[TimeControl "180+2"]
[EndTime "14:23:05 PDT"]
[Termination "Game drawn by repetition"]

1. d4 Nf6 2. Nf3 g6 3. c4 Bg7 4. Nc3 d5 5. h4 c6 6. cxd5 cxd5 7. Bf4 O-O 8. e3 Nc6 9. Qb3 Na5 10. Qb4 Nc6 11.
Qa3 Ne4 12. Be2 Bf5 13. O-O e6 14. Rac1 Rc8 15. Nb5 a6 16. Nc3 Re8 17. Na4 Bf8 18. Qb3 b5 19. Nc3 Na5 20. Qd1 Nc4 21. Bxc4 Rxc4 22.
Ne5 Nxc3 23. Rxc3 Rxc3 24. bxc3 Qxh4 25. g4 f6 26. Bg3 Qh3 27. Nd7 Be4 28. Nxf6+ Kf7 29.
Nxe4 dxe4 30. Be5 Bg7 31. Bh2 h5 32. f3 hxg4 33. fxg4+ Ke7 34. Qe2 Bh6 35. Bf4 Bxf4 36. exf4 Rh8 37. Qg2 Qe3+ 38. Rf2 Qxc3 39. Qxe4 Qa1+ 40.
Rf1 Qxa2 41. Qb7+ Kd6 42. Qb6+ Kd7 43. Qb7+ Kd6 44. Qb6+ Kd7 45. Qb7+ Kd6 1/2-1/2

[Event "*** Titled Tuesday Blitz"]
[Site "Chess.com"]
[Date "2019.08.06"]
[Round "6"]
[White "GianmarcoVaR"]
[Black "nikitakhoroshev"]
[Result "1-0"]
[WhiteElo "2572"]
[BlackElo "2594"]
[TimeControl "180+2"]
[EndTime "14:23:08 PDT"]
[Termination "GianmarcoVaR won by resignation"]

1. d4 Nf6 2. c4 e6 3. g3 b6 4. Bg2 d5 5. cxd5 exd5 6. Nc3 Bb7 7. Nf3 Be7 8. Bf4 O-O 9. Nb5 Na6 10. Rc1 c6 11. Nc3 Ne4 12. O-O Nxc3 13. Rxc3 c5 14. dxc5 Nxc5 15. b4 Ne6 16. a3 Rc8 17. Be5 a5 18.
bxa5 bxa5 19. Qb3 Rxc3 20. Bxc3 Ba6 21. Ne5 Bxe2 22. Re1 Bc4 23. Nxc4 dxc4 24. Qa4 Qd6 25. Qxc4 Qxa3 26. Bd5 Nd8 27. Ra1 Qd6 28. Rxa5 Qd7 29. Ra6 Qf5 30. Ra8 h5 31. Ra7 h4 32. Rxe7 hxg3 33.
hxg3 Qb1+ 34. Kg2 Qf5 35. Qe4 Qg5 36. Re8 Qh5 37. Rxf8+ Kxf8 38. Bb4+ Kg8 39. Qe8+ Kh7 40.
Be4+ f5 41. Qxh5+ 1-0

[Event "*** Titled Tuesday Blitz"]
[Site "Chess.com"]
[Date "2019.08.06"]
[Round "6"]
[White "rasmussvane"]
[Black "SaraciNderim"]
[Result "0-1"]
[WhiteElo "2812"]
[BlackElo "2833"]
[TimeControl "180+2"]
[EndTime "14:23:09 PDT"]
[Termination "SaraciNderim won on time"]

1. Nf3 d5 2. g3 Bg4 3. Bg2 c6 4. O-O Nd7 5. h3 Bh5 6. d4 e6 7. c4 Ngf6 8. cxd5 exd5 9. Nh4 Bg6 10. Nc3 Bd6 11. Bg5 O-O 12. Nxg6 hxg6 13. h4 Re8 14. Qc2 Qb6 15. Rad1 a5 16. Rfe1 Bb4 17. a3 Bxc3 18.
bxc3 Ne4 19. Bf4 a4 20. Rb1 Qa6 21. Rb4 b5 22. f3 Nef6 23. e4 dxe4 24. fxe4 Nb6 25.
Rbb1 Nc4 26. Ra1 Qb6 27. Bg5 Qc7 28. Qf2 Re6 29. d5 cxd5 30. exd5 Rxe1+ 31. Rxe1 Qd6 32. Qf4 Qxa3 33. Bxf6 gxf6 34. d6 Rd8 35. d7 Qc5+ 36. Kh2 Ne5 37. Bh3 Kg7 38. Rf1 Qe7 39. h5 Nxd7 40.
hxg6 fxg6 41. Qc7 Kf7 42. Rf2 Ne5 0-1

[Event "*** Titled Tuesday Blitz"]
[Site "Chess.com"]
[Date "2019.08.06"]
[Round "6"]
[White "ChessFunMaker"]
[Black "doons21"]
[Result "1-0"]
[WhiteElo "2235"]
[BlackElo "2575"]
[TimeControl "180+2"]
[EndTime "14:23:12 PDT"]
[Termination "ChessFunMaker won on time"]

1. c4 Nf6 2. g3 g6 3. Bg2 Bg7 4. Nc3 O-O 5. e4 c5 6. Nge2 Nc6 7. O-O Ne8 8. d3 Nc7 9. Be3 Ne6 10. Qd2 Ned4 11.
Bh6 f5 12. Bxg7 Kxg7 13. exf5 gxf5 14. Nxd4 Nxd4 15. Qg5+ Kh8 16. Nd5 Nc6 17. Qh6 Rf7 18.
Rfe1 e6 19. Nf4 Nd4 20. Rac1 Qf6 21. Qh5 Rb8 22. a3 a5 23. b4 cxb4 24. axb4 axb4 25. Rb1 b3 26. Ne2 Nxe2+ 27. Rxe2 b5 28. cxb5 Rxb5 29.
Reb2 f4 30. Qxb5 fxg3 31. fxg3 Kg7 32. Qxb3 Qd4+ 33. Kh1 Ba6 34. Rc2 Bxd3 35. Rd2 1-0

[Event "*** Titled Tuesday Blitz"]
[Site "Chess.com"]
[Date "2019.08.06"]
[Round "6"]
[White "Saloni1299"]
[Black "Wolverine_master"]
[Result "1-0"]
[WhiteElo "2048"]
[BlackElo "2109"]
[TimeControl "180+2"]
[EndTime "14:23:16 PDT"]
[Termination "Saloni1299 won on time"]

1. e4 c5 2. Nf3 g6 3. d4 cxd4 4.
Nxd4 Bg7 5. Nc3 Nc6 6. Be3 Nf6 7. Bc4 Qa5 8. O-O O-O 9. Bb3 d6 10. h3 Bd7 11. Re1 Nxd4 12. Bxd4 Bc6 13. Nd5 Bxd5 14. exd5 Rfe8 15. Qd3 Nd7 16. Bxg7 Kxg7 17. f4 Kg8 18. Re3 Qb6 19. Re1 Nc5 20. Qc3 Rac8 21. Kh2 Nxb3 22. Qxb3 Qxb3 23. cxb3 Kf8 24. Rc3 Rc5 25. Rxc5 dxc5 26. Rd1 Rd8 27. Kg3 Rd6 28. Kf3 Ke8 29. Rd3 Kd7 30. Ke4 Ra6 31. a3 Rb6 32. Ke5 f6+ 33.
Ke4 Kd6 34. g4 a5 35. a4 Rb4+ 36. Kf3 c4 37. bxc4 Rxb2 38. Ke4 Rb4 39. Kd4 Rxa4 40. Rb3 Rb4 41. Rxb4 axb4 42. c5+ Kd7 43. f5 Kc7 44. Kc4 b6 45. c6 gxf5 46. gxf5 b5+ 47. Kxb4 Kb6 48. h4 h5 49. Kb3 Kc7 50. Kc3 Kb6 51. Kb4 Ka6 52. Kc5 1-0

[Event "*** Titled Tuesday Blitz"]
[Site "Chess.com"]
[Date "2019.08.06"]
[Round "6"]
[White "IakovUlivar"]
[Black "GMKrikor"]
[Result "0-1"]
[WhiteElo "2517"]
[BlackElo "2660"]
[TimeControl "180+2"]
[EndTime "14:23:17 PDT"]
[Termination "GMKrikor won on time"]

1. e4 e5 2. Nf3 Nc6 3. Bc4 Bc5 4. O-O Nf6 5. d3 O-O 6. Re1 Ng4 7. Re2 Kh8 8. c3 d6 9. d4 Bb6 10. h3 Nh6 11. Bg5 Qe8 12. Na3 f5 13. Bxh6 gxh6 14. Bd5 Qh5 15. Nc4 fxe4 16. Rxe4 Bf5 17. Rh4 Qg6 18.
Nxb6 axb6 19. dxe5 Nxe5 20. Nxe5 dxe5 21. Qh5 c6 22. Bb3 Kg7 23. Re1 Rae8 24. a4 Rf6 25. Qxg6+ hxg6 26. Rb4 c5 27. Rb5 Bd7 28. Bd5 Bxb5 29.
axb5 Re7 30. c4 Rf4 31. Ra1 Rd4 32. Ra8 Rd2 33. Rd8 Rxb2 34. Rd6 e4 35. Rxb6 Rc2 36. Rd6 g5 37. g4 e3 38. fxe3 Rxe3 39. Bg2 Re1+ 0-1

[Event "*** Titled Tuesday Blitz"]
[Site "Chess.com"]
[Date "2019.08.06"]
[Round "6"]
[White "Gareth-Bale11"]
[Black "iturrizaga"]
[Result "0-1"]
[WhiteElo "2747"]
[BlackElo "2945"]
[TimeControl "180+2"]
[EndTime "14:23:18 PDT"]
[Termination "iturrizaga won by resignation"]

1. d4 Nf6 2. Nf3 b6 3. c4 Bb7 4. g3 c5 5. d5 b5 6. Bg2 bxc4 7. Nc3 d6 8. Nd2 Nbd7 9. Nxc4 g6 10. O-O Bg7 11. e4 O-O 12. Re1 Ba6 13. Qa4 Bxc4 14. Qxc4 Qc7 15. h3 Rfb8 16. Rb1 Ne5 17. Qe2 c4 18. Be3 Nd3 19. Red1 Nd7 20. Na4 Nb6 21. Nc3 Nd7 22. Qc2 Qa5 23. Na4 Nb4 24. Qxc4 Qxa4 25.
a3 Qc2 26. Rdc1 Qxc4 27. Rxc4 Nd3 28. b4 Rb7 29. f4 a5 30. Bf1 Nb2 31. Rc2 axb4 32.
axb4 Rxb4 33. Bc1 Rab8 34. e5 Nxe5 35. fxe5 Bxe5 36. Bh6 Bg7 37. Bg5 Be5 38. Kg2 f6 39. Be3 Kf7 40. Bf2 Rb3 41. Ba6 Nd3 42. Rxb3 Rxb3 43.
Be3 Nb4 44. Bc4 Rxe3 0-1

[Event "*** Titled Tuesday Blitz"]
[Site "Chess.com"]
[Date "2019.08.06"]
[Round "6"]
[White "XiaoKangZhong"]
[Black "Philosopherrr"]
[Result "1/2-1/2"]
[WhiteElo "2348"]
[BlackElo "2451"]
[TimeControl "180+2"]
[EndTime "14:23:19 PDT"]
[Termination "Game drawn by agreement"]

1. e4 e5 2. Nf3 Nc6 3. Bc4 Bc5 4. O-O Nf6 5. d3 d6 6. c3 a6 7. Bb3 Ba7 8. Re1 O-O 9. h3 Ne7 10. Nbd2 Ng6 11. Nf1 h6 12. Ng3 Re8 13. d4 c6 14.
a4 a5 15. Qc2 Qc7 16. dxe5 Nxe5 17. Nxe5 dxe5 18. Be3 Bxe3 19. Rxe3 Be6 20. Bxe6 Rxe6 21. Nf5 Rd8 22. Rd1 Ne8 23. Rg3 Kf8 24. Rxd8 Qxd8 25.
b4 h5 26. Qe2 g6 27. Ne3 Rd6 28.
Qc4 Rd2 29. Rf3 Nd6 30. Qc5 Qe7 31. Nc4 Rd1+ 32. Kh2 Nxc4 33. Qxc4 axb4 34. cxb4 Rd4 35. Qb3 Rxe4 36. b5 cxb5 37. Qxb5 Kg7 38. a5 Rb4 39. Qd5 e4 40. Re3 Qc7+ 41. g3 h4 42. Kg2 hxg3 43. Rxg3 Qf4 44. Qc5 Ra4 45. Qc8 Ra2 46. Qc3+ f6 47. Qd4 g5 48. Qd7+ Kh6 49. Qd4 Rxa5 50. Rc3 Re5 51. Qd8 e3 1/2-1/2

[Event "*** Titled Tuesday Blitz"]
[Site "Chess.com"]
[Date "2019.08.06"]
[Round "6"]
[White "timator"]
[Black "Etoilegeniale"]
[Result "1-0"]
[WhiteElo "2425"]
[BlackElo "2521"]
[TimeControl "180+2"]
[EndTime "14:23:22 PDT"]
[Termination "timator won by resignation"]

1. Nf3 d5 2. d4 g6 3. g3 Bg7 4. Bg2 Nf6 5. O-O O-O 6. c4 c6 7. Nbd2 Ne4 8. b3 Bf5 9. Bb2 Nd7 10. e3 a5 11. a3 a4 12. b4 Nxd2 13. Nxd2 Bd3 14.
cxd5 Bxf1 15. Qxf1 cxd5 16. Bxd5 e5 17. Bxb7 Ra7 18.
Bc6 exd4 19. exd4 Ne5 20. Bg2 Ng4 21. h3 Nh6 22. Nc4 Nf5 23. d5 Bxb2 24. Nxb2 Qf6 25. Nd3 Rd8 26. Nc5 Qc3 27. Qd1 Nd4 28. Rb1 Nb5 29.
Ne4 Qxa3 30. Qe2 Nc3 31. Nf6+ Kf8 32. Qe5 Nxb1 33. Nxh7+ Kg8 34. Nf6+ Kg7 35. Nh5+ Kf8 36. Qh8+ Ke7 37. Qf6+ Kd7 38. Qc6+ Ke7 39. Qf6+ Ke8 40. Ng7+ Kd7 41. Qxf7+ Kc8 42. Qxa7 Qxb4 43. Ne6 Rd7 44. Qa8+ Qb8 45. Qxa4 Nc3 46. Qc6+ Rc7 47. Nxc7 Qxc7 48. Qxc7+ Kxc7 49. f4 Kd6 50. Kf2 Kc5 51. Ke3 Nb5 52. Be4 1-0

[Event "*** Titled Tuesday Blitz"]
[Site "Chess.com"]
[Date "2019.08.06"]
[Round "6"]
[White "swayamsm"]
[Black "PIwan"]
[Result "0-1"]
[WhiteElo "2483"]
[BlackElo "2539"]
[TimeControl "180+2"]
[EndTime "14:23:24 PDT"]
[Termination "PIwan won by resignation"]

1. d4 d5 2. Nf3 Nf6 3. Bf4 e6 4. e3 Bd6 5. Bg3 c5 6. c4 cxd4 7. Nxd4 Qa5+ 8. Nc3 Bxg3 9. hxg3 Ne4 10. Rc1 Nc6 11. cxd5 Nxc3 12. Rxc3 Qxd5 13. Nxc6 bxc6 14. Qxd5 cxd5 15. Rc7 O-O 16. Bd3 h6 17. Kd2 a5 18.
Rhc1 Ba6 19. Bxa6 Rxa6 20. Rb7 Kh7 21. Rcc7 Kg6 22. b3 h5 23. Kd3 Kf6 24. Kd4 g5 25. a3 h4 26. gxh4 gxh4 27. f4 Rd6 28. Kc5 Rdd8 29.
Ra7 Rc8 30. Kc6 Rxc7+ 31. Kxc7 Rg8 32. Rxa5 Rxg2 33. Rc5 Rg3 34. b4 Rxe3 35. a4 h3 36. a5 h2 37. Rc1 d4 38. Rh1 Re2 39. a6 d3 40. a7 Ra2 41. Kb6 d2 42. b5 Kf5 43. Kb7 Kxf4 44. b6 Kg3 45. a8=Q Rxa8 46.
Kxa8 Kg2 47. Rxh2+ Kxh2 48. b7 d1=Q 49. b8=Q+ Kh3 50. Qh8+ Kg3 51. Qg8+ Qg4 52. Qxf7 Qf3+ 53. Qxf3+ Kxf3 0-1

[Event "*** Titled Tuesday Blitz"]
[Site "Chess.com"]
[Date "2019.08.06"]
[Round "6"]
[White "sergiochess83"]
[Black "Firouzja2003"]
[Result "0-1"]
[WhiteElo "2911"]
[BlackElo "3007"]
[TimeControl "180+2"]
[EndTime "14:23:27 PDT"]
[Termination "Firouzja2003 won by resignation"]

1. e4 e5 2. Nf3 Nc6 3. Bc4 Nf6 4. d3 h6 5. O-O d6 6. c3 g5 7. Nbd2 Bg7 8. b4 g4 9. Ne1 h5 10. Nc2 Ne7 11. Bb3 Bh6 12. Nc4 Bxc1 13. Rxc1 Ng6 14.
N2e3 Be6 15. Ba4+ Kf8 16. Bb3 Qd7 17. d4 b5 18. Nd2 c6 19. Bxe6 Qxe6 20. a4 a6 21.
dxe5 dxe5 22. c4 Nf4 23. g3 Nh3+ 24. Kg2 Rd8 25. Qc2 Ng5 26. cxb5 cxb5 27. axb5 axb5 28.
Rcd1 h4 29. Nf5 Kg8 30. Nxh4 Kg7 31. f4 exf4 32. Rxf4 Rc8 33. Qb2 Ra8 34. Rdf1 Ra2 35. Qd4 Nxe4 36. Nf5+ Kh7 37. R1f2 Nxf2 38. Rxf2 Qd5+ 39.
Qxd5 Nxd5 40. Nd6 Ne3+ 41. Kg1 Rd8 42. N6e4 f5 43. Ng5+ Kg6 0-1

[Event "*** Titled Tuesday Blitz"]
[Site "Chess.com"]
[Date "2019.08.06"]
[Round "6"]
[White "BlackBoarder"]
[Black "JonahWillow"]
[Result "1-0"]
[WhiteElo "2671"]
[BlackElo "2641"]
[TimeControl "180+2"]
[EndTime "14:23:28 PDT"]
[Termination "BlackBoarder won by checkmate"]

1. e4 c5 2. Nf3 e6 3. c3 d5 4. exd5 Qxd5 5. d4 Nf6 6. Be2 Be7 7. O-O O-O 8. Be3 cxd4 9. Nxd4 e5 10. Nf3 Nc6 11. Qc2 Bg4 12. Rd1 Qa5 13. h3 Bh5 14. Nbd2 Rfd8 15. Ne4 Bg6 16. Nxf6+ Bxf6 17. Qb3 Qc7 18.
Qa4 e4 19. Nd4 Ne5 20. Nb5 Qc6 21. Rxd8+ Rxd8 22. Qxa7 Nd3 23. Nd4 Bxd4 24. Bxd4 Nf4 25. Bf1 h5 26. Qb6 Qd5 27. Be3 Nd3 28. c4 Qd7 29. b4 Rc8 30. c5 Rc6 31. Qb5 Bf5 32. Qc4 Ne5 33. Qc3 Qe7 34. b5 Rg6 35. Kh2 Qh4 36.
Qxe5 Bg4 37. Qg3 Qf6 38. hxg4 Qxa1 39. Qb8+ Kh7 40. gxh5 Re6 41. Bc4 Re5 42. Bxf7 g5 43. Qg8+ Kh6 44. Qg6# 1-0

[Event "*** Titled Tuesday Blitz"]
[Site "Chess.com"]
[Date "2019.08.06"]
[Round "6"]
[White "darsen_sanzhaev"]
[Black "slowdgehammer"]
[Result "0-1"]
[WhiteElo "2584"]
[BlackElo "2448"]
[TimeControl "180+2"]
[EndTime "14:23:28 PDT"]
[Termination "slowdgehammer won on time"]

1. d4 Nf6 2. c4 c5 3. d5 b5 4. cxb5 a6 5. e3 g6 6. Nc3 d6 7. Nf3 Bg7 8. a4 axb5 9. Bxb5+ Nbd7 10. e4 O-O 11. O-O Ba6 12. Qc2 Bxb5 13. Nxb5 Qb6 14.
Bd2 Rfb8 15. Bc3 Ne8 16. Bxg7 Kxg7 17. Qc3+ f6 18. Ng5 Qa5 19. Ne6+ Kg8 20. Qh3 Rxb5 21.
axb5 Qxa1 22. Ng5 Nf8 23. Ne6 Qa7 24. Nxf8 Kxf8 25. Qxh7 g5 26. f4 c4+ 27. Kh1 Qf2 28.
Qh8+ Kf7 29. Qh5+ Kg7 30. Qd1 Qe3 31. fxg5 Qxg5 32. h3 Kf7 33. Qd4 Qe5 34. Qxc4 Ng7 35. Qb4 Rb8 36. b6 Rb7 37. Re1 Nh5 38. Qb5 Ng3+ 39. Kg1 Qd4+ 40. Kh2 Qe5 41. Kg1 Qd4+ 42. Kh2 Qf2 43. Ra1 Ne2 44. Qc6 Rxb6 45. Qd7 Qf4+ 46. Kh1 Qxe4 47. Qd8 Nf4 48. Rg1 Nxh3 0-1

[Event "*** Titled Tuesday Blitz"]
[Site "Chess.com"]
[Date "2019.08.06"]
[Round "6"]
[White "Aknok"]
[Black "Didici"]
[Result "1/2-1/2"]
[WhiteElo "2443"]
[BlackElo "2630"]
[TimeControl "180+2"]
[EndTime "14:23:28 PDT"]
[Termination "Game drawn - insufficient material"]

1. d4 d5 2. c4 e6 3. Nf3 Nf6 4. Nc3 Bb4 5. Bg5 dxc4 6. e4 b5 7. e5 h6 8. exf6 hxg5 9. fxg7 Rg8 10. Be2 Rxg7 11. O-O Bxc3 12. bxc3 Bb7 13. a4 a6 14.
Ne5 Nd7 15. Bf3 Bxf3 16. Qxf3 Nxe5 17. dxe5 Qd5 18. Qxd5 exd5 19. axb5 Kd7 20. Rxa6 Rxa6 21. bxa6 Rg8 22. Ra1 Ke6 23. a7 Ra8 24. f4 gxf4 25. h4 Kxe5 26. Kf2 c5 27. Ra6 d4 28. h5 dxc3 29. Ke2 f5 30. h6 f3+ 31. gxf3 Kf4 32. h7 c2 33. Kd2 Kxf3 34. h8=Q Rxh8 35. a8=Q+ Rxa8 36. Rxa8 f4 37. Kxc2 Kg2 38. Rg8+ Kf2 39. Kd2 f3 40. Rg4 c3+ 41. Kd3 c2 42. Kxc2 Ke3 43.
Rg8 f2 44. Re8+ Kf3 45. Rf8+ Ke2 46. Re8+ Kf3 47. Rf8+ Kg2 48. Kc3 f1=Q 49. Rxf1 Kxf1 50. Kc4 Ke2 51. Kxc5 1/2-1/2

[Event "*** Titled Tuesday Blitz"]
[Site "Chess.com"]
[Date "2019.08.06"]
[Round "6"]
[White "Quiet_Desperation"]
[Black "Faustregel"]
[Result "0-1"]
[WhiteElo "2488"]
[BlackElo "2523"]
[TimeControl "180+2"]
[EndTime "14:23:30 PDT"]
[Termination "Faustregel won on time"]

1. e4 c5 2. Nf3 d6 3. d4 cxd4 4. Nxd4 Nf6 5. Nc3 Nc6 6. Bg5 Bd7 7. Nb3 Rc8 8. f3 h6 9. Be3 e6 10. Qd2 a6 11. O-O-O b5 12. g4 Na5 13. Nxa5 Qxa5 14. Kb1 b4 15. Ne2 d5 16. e5 Ng8 17. h4 Ne7 18. Nd4 Nc6 19. f4 Nxd4 20. Bxd4 Bc5 21. Be2 Bb5 22. Bxb5+ axb5 23. Bxc5 Rxc5 24. f5 O-O 25. Rh3 Ra8 26. a3 Rc4 27. fxe6 fxe6 28. g5 h5 29. g6 Rg4 30. Qe2 Qc7 31. axb4 Rf8 32. Rc3 Qa7 33. Qxb5 Rxg6 34. Qe2 Rg4 35. b5 g6 36. Rb3 Re4 37. Qg2 Rg4 38. Qe2 Qb6 39. Qd3 Kg7 40. Qc3 Rc4 41. Qg3 Rf2 42. Rc1 Rg4 43. Qd3 Rxh4 44. Qc3 Rc4 45. Qh3 Rf5 46. Qg3 h4 47. Qh3 g5 48. Rg1 Qxg1+ 0-1